[Event "Team 45 45 League T35"]
[Site "Internet Chess Club"]
[Date "2007.11.25"]
[Round "6"]
[White "Fegary"]
[Black "HKNIGHT"]
[Result "1-0"]
[WhiteElo "1947"]
[BlackElo "1746"]
[Opening "Sicilian: chameleon variation"]
[ECO "B23"]
[Time "15:56:28"]
[TimeControl "2700+45"]

1. e4 c5 2. Nc3 Nc6 3. Nge2 d6 4. Nf4 Nf6 5. a3 a6 6. Bc4 e6 7. d3 Be7 8. Be3 b5
9. Ba2 Ne5 10. Nh5 Nxh5 11. Qxh5 c4 12. f4 Ng6 13. dxc4 b4 14. axb4 Rb8 15. b5
axb5 16. cxb5 Qd7 17. f5 Nf8 18. O-O Bf6 19. fxe6 Nxe6 20. Rxf6 gxf6 21. Nd5 Qd8
22. Bc4 Bd7 23. Ra7 Nc5 24. Qh6 Nxe4 25. Qg7 Rf8 26. Bh6 Qe7 27. Nxe7 Kxe7 28.
Qxh7 Ng5 29. Bxg5 fxg5 30. Qf5 Rbd8 31. Qxg5+ Ke8 32. Qe3+ Be6 33. Bxe6 Rb8 34.
Bf5+ {Black resigns} 1-0

[Event "Team 45 45 League T35"]
[Site "Internet Chess Club"]
[Date "2007.11.23"]
[Round "6"]
[White "scottrugby"]
[Black "C-Jones"]
[Result "0-1"]
[WhiteElo "1518"]
[BlackElo "1613"]
[Opening "Sicilian: closed"]
[ECO "B23"]
[Time "13:06:35"]
[TimeControl "2700+45"]

1. e4 c5 2. Nc3 d6 3. f4 Nf6 4. Nf3 Nc6 5. Bb5 Bd7 6. d3 Qb6 7. Be3 a6 8. Bxc6
Bxc6 9. Qc1 Ng4 10. Bd2 h6 11. h3 Nf6 12. Be3 O-O-O 13. a3 Qc7 14. Qd2 e6 15. g4
d5 16. e5 d4 17. exf6 dxc3 18. Qxc3 Bxf3 19. fxg7 Bxg7 20. Qxg7 Bxh1 21. O-O-O
Bg2 22. h4 Bf3 23. Rf1 Rdg8 24. Qc3 Bxg4 25. Rg1 Bf5 26. Rxg8+ Rxg8 27. Qf6 h5
28. Qh6 Bg6 29. Qg5 Rd8 30. Qg1 Kb8 31. Bxc5 Rc8 32. b4 b6 33. Qd4 bxc5 34. bxc5
Qxc5 35. Qb2+ Ka7 36. c4 {White resigns} 0-1

[Event "Team 45 45 League T35"]
[Site "Internet Chess Club"]
[Date "2007.11.23"]
[Round "6"]
[White "chesskix"]
[Black "beerss"]
[Result "1-0"]
[WhiteElo "1545"]
[BlackElo "1410"]
[Opening "Scandinavian (center counter) defense"]
[ECO "B01"]
[Time "19:59:34"]
[TimeControl "2700+45"]

1. e4 d5 2. e5 Nc6 3. d4 e6 4. Nf3 Bb4+ 5. c3 Ba5 6. Bb5 Bd7 7. a4 a6 8. Bd3 h6
9. O-O Qe7 10. Nbd2 O-O-O 11. Nb3 Bb6 12. Qe2 Na5 13. Nxa5 Bxa5 14. Bxa6 bxa6
15. Qxa6+ Kb8 16. Qxa5 Bc6 17. Ra3 Bb7 18. Rb3 Qd7 19. Rb4 Ne7 20. Qb5 c6 21.
Qb6 Nc8 22. Qc5 Qc7 23. a5 Ka8 24. Be3 Ba6 25. Ra1 Na7 26. Rb6 Rb8 27. Rxa6 Rhc8
{Black resigns} 1-0

[Event "Team 45 45 League T35"]
[Site "Internet Chess Club"]
[Date "2007.11.25"]
[Round "6"]
[White "Just-Jim"]
[Black "natethegreat"]
[Result "0-1"]
[WhiteElo "1414"]
[BlackElo "1506"]
[Opening "Giuoco Pianissimo"]
[ECO "C55"]
[Time "16:01:03"]
[TimeControl "2700+45"]

1. e4 e5 2. Bc4 Nf6 3. Nf3 Nc6 4. d3 Bc5 5. Ng5 O-O 6. Qf3 Nd4 7. Qd1 d6 8. h3
b5 9. Bb3 a5 10. c3 a4 11. cxd4 axb3 12. dxc5 Rxa2 13. Qxb3 Rxa1 14. Qc2 b4 15.
b3 dxc5 16. O-O Ra5 17. Nf3 Qd6 18. Bg5 Ba6 19. Rd1 Rd8 20. Ne1 Rd7 21. Bh4 Nxe4
22. f3 Nf6 23. d4 cxd4 24. Bxf6 Qxf6 25. Nd2 Qb6 26. Kh1 d3 27. Qb1 Qf2 28. Ne4
Qf1+ 29. Kh2 Qe2 30. Rd2 Qe3 31. Qc1 h6 32. Qc6 Bb5 33. Qc1 Ra2 34. Rxa2 Qxc1
35. Ra5 Qxe1 36. Rxb5 d2 {White resigns} 0-1

[Event "Team 45 45 League T35"]
[Site "Internet Chess Club"]
[Date "2007.11.26"]
[Round "6"]
[White "joshua9"]
[Black "chessbuzz"]
[Result "1/2-1/2"]
[WhiteElo "1717"]
[BlackElo "1519"]
[Opening "Sicilian: Najdorf, 6.f4"]
[ECO "B93"]
[Time "18:59:14"]
[TimeControl "2700+45"]

1. e4 c5 2. Nf3 d6 3. d4 cxd4 4. Nxd4 Nf6 5. Nc3 a6 6. f4 e6 7. Be3 Qc7 8. g4
Nc6 9. g5 Nd7 10. Qd2 b5 11. Nxc6 Qxc6 12. O-O-O Bb7 13. Bd3 Nc5 14. Bxc5 Qxc5
15. Kb1 Be7 16. f5 exf5 17. Rhf1 f4 18. Qxf4 O-O 19. Nd5 Bxd5 20. exd5 g6 21. h4
Rac8 22. h5 Qxd5 23. Rg1 Qe5 24. Qg4 Rc5 25. Rde1 Qxg5 26. Qd7 Re5 27. hxg6 fxg6
28. a3 Qf6 29. Rxe5 dxe5 30. Rh1 Qg7 31. Qe6+ Kh8 32. Qxa6 Bf6 33. Qxb5 e4 34.
Bxe4 Be5 35. Qd3 Rb8 36. b4 Kg8 37. Bd5+ Kf8 38. Rf1+ Bf6 39. Bc4 Qe7 40. Qd5
Kg7 41. Ka2 Rd8 42. Qf3 Rf8 43. Qd3 Rd8 44. Qg3 Rf8 45. Re1 Qd7 46. Qe3 Qc7 47.
Bb3 Qd7 48. Rh1 Qd4 49. Qxd4 Bxd4 50. c4 Rf2+ 51. Kb1 Rb2+ 52. Kc1 Rxb3 53. Rd1
Be3+ 54. Kc2 Rxa3 55. b5 Bc5 56. Rd5 Bg1 57. Rd6 Ra4 58. Kb3 Ra8 59. b6 Rb8 60.
Rd7+ Kf6 61. b7 Bh2 62. c5 Ke6 63. Rxh7 Kd5 64. Rxh2 Rxb7+ 65. Kc3 Kxc5 66. Rg2
Rg7 67. Kd3 Kd5 68. Ke3 Ke5 69. Rg5+ Kf6 70. Kf4 Rg8 71. Ra5 g5+ 72. Kg4 {Game
drawn by mutual agreement} 1/2-1/2

[Event "Team 45 45 League T35"]
[Site "Internet Chess Club"]
[Date "2007.11.23"]
[Round "6"]
[White "arriero55"]
[Black "ticopatzer"]
[Result "1/2-1/2"]
[WhiteElo "1520"]
[BlackElo "1496"]
[Opening "Ruy Lopez: Marshall, main line, 14...Qh3"]
[ECO "C89"]
[Time "17:07:11"]
[TimeControl "2700+45"]

1. e4 e5 2. Nf3 Nc6 3. Bb5 a6 4. Ba4 Nf6 5. O-O Be7 6. Re1 b5 7. Bb3 O-O 8. c3
d5 9. exd5 Nxd5 10. Nxe5 Nxe5 11. Rxe5 c6 12. d4 Bd6 13. Re1 Qh4 14. g3 Qh3 15.
Qf3 Bg4 16. Qg2 Qh5 17. Bxd5 cxd5 18. Be3 Bf3 19. Qf1 f5 20. Nd2 Bg4 21. f4 Rf6
22. Qf2 Re8 23. Qg2 Qf7 24. Nf3 Bxf3 25. Qxf3 Rfe6 26. Bd2 Rxe1+ 27. Rxe1 Rxe1+
28. Bxe1 Qe6 29. Bd2 Bc7 30. Kf2 Qc6 31. Qe3 Kf7 32. Qf3 g6 33. Qd3 h5 34. h4
{Game drawn by mutual agreement} 1/2-1/2

[Event "Team 45 45 League T35"]
[Site "Internet Chess Club"]
[Date "2007.12.02"]
[Round "6"]
[White "Sir-Anthony"]
[Black "jjmolina"]
[Result "0-1"]
[WhiteElo "1430"]
[BlackElo "1523"]
[Opening "Réti opening"]
[ECO "A06"]
[Time "16:03:05"]
[TimeControl "2700+45"]

1. Nf3 d5 2. c3 Nf6 3. h3 c5 4. d3 Nc6 5. Nbd2 e5 6. Nb3 Be7 7. Bg5 b6 8. Bxf6
Bxf6 9. Qc2 Ba6 10. O-O-O Rc8 11. e3 O-O 12. g4 Qe7 13. g5 Bxg5 14. Nxg5 Qxg5
15. h4 Qf6 16. Bh3 Rc7 17. Bg2 Rd8 18. f4 exf4 19. Rdf1 Qf5 20. e4 Qe5 21. exd5
Nb4 22. cxb4 cxb4 23. Qxc7 Qxc7+ 24. Kd2 Qe5 25. Kc1 Rc8+ 26. Kd2 Qe3+ 27. Kd1
Bxd3 {White resigns} 0-1

[Event "Team 45 45 League T35"]
[Site "Internet Chess Club"]
[Date "2007.11.25"]
[Round "6"]
[White "Fysh"]
[Black "GolfSuper"]
[Result "1-0"]
[WhiteElo "1859"]
[BlackElo "1607"]
[Opening "QGD Slav defense: exchange variation"]
[ECO "D13"]
[Time "07:59:54"]
[TimeControl "2700+45"]

1. d4 d5 2. c4 c6 3. cxd5 cxd5 4. Nc3 Nf6 5. Nf3 e6 6. Bf4 Be7 7. e3 O-O 8. Be2
b6 9. O-O Ne4 10. Nxe4 dxe4 11. Ne5 f6 12. Nc4 Ba6 13. Rc1 b5 14. Nd2 f5 15. Qb3
Qd5 16. Bxb8 Raxb8 17. Qxd5 exd5 18. Rc7 Bb4 19. Nb3 Rf7 20. Rfc1 Ba5 21. Nxa5
Rxc7 22. Rxc7 Bc8 23. Nc6 Ra8 24. Rxc8+ Rxc8 25. Ne7+ Kf8 26. Nxc8 a6 27. a4
{Black resigns} 1-0

[Event "Team 45 45 League T35"]
[Site "Internet Chess Club"]
[Date "2007.11.27"]
[Round "6"]
[White "twinders"]
[Black "sean98"]
[Result "1-0"]
[WhiteElo "1669"]
[BlackElo "1560"]
[Opening "Benkö gambit"]
[ECO "A57"]
[Time "15:53:04"]
[TimeControl "2700+45"]

1. d4 Nf6 2. c4 c5 3. d5 b5 4. Nc3 g6 5. Nxb5 d6 6. Nf3 Bg7 7. Bg5 O-O 8. Nc3
Ba6 9. e3 Nbd7 10. Bd3 Rb8 11. Qc2 Qa5 12. O-O h6 13. Bxf6 Bxf6 14. Bxg6 fxg6
15. Qxg6+ Bg7 16. Qe6+ Kh8 17. Qxd7 Bxc4 18. Qxe7 Rxb2 19. Ne4 Bxd5 20. Nxd6
Rxa2 21. Rxa2 Qxa2 22. Ne5 Rf7 23. Nexf7+ {Black resigns} 1-0

[Event "Team 45 45 League T35"]
[Site "Internet Chess Club"]
[Date "2007.11.24"]
[Round "6"]
[White "kingphisch"]
[Black "strudel"]
[Result "1-0"]
[WhiteElo "1534"]
[BlackElo "1417"]
[Opening "Sicilian: Grand Prix attack"]
[ECO "B23"]
[Time "15:07:49"]
[TimeControl "2700+45"]

1. e4 c5 2. Nc3 Nc6 3. f4 d6 4. Nf3 e6 5. Bb5 Bd7 6. d3 Nd4 7. Bxd7+ Qxd7 8. O-O
Ne7 9. Nxd4 cxd4 10. Ne2 Nc6 11. Ng3 g6 12. f5 exf5 13. exf5 gxf5 14. Nxf5 O-O-O
15. a4 Re8 16. Bd2 d5 17. c3 Bc5 18. Kh1 dxc3 19. bxc3 Kb8 20. d4 Bb6 21. Nd6
Ka8 22. Nxe8 Qxe8 23. Qh5 Qd7 24. Qxf7 Qxf7 25. Rxf7 a5 26. Raf1 Rc8 27. Rxh7
Nd8 28. g4 Rc4 29. Ra1 Rc6 30. g5 Rg6 31. Rh6 Rc6 32. Rxc6 bxc6 33. g6 Ne6 34.
Re1 Ng7 35. Bh6 Nf5 36. Bf8 Bd8 {Black resigns} 1-0

[Event "Team 45 45 League T35"]
[Site "Internet Chess Club"]
[Date "2007.11.25"]
[Round "6"]
[White "PawnSensei"]
[Black "Klondike"]
[Result "1-0"]
[WhiteElo "1342"]
[BlackElo "1437"]
[Opening "French: Winawer, advance, poisoned pawn variation"]
[ECO "C18"]
[Time "12:45:35"]
[TimeControl "2700+45"]

1. e4 e6 2. d4 d5 3. Nc3 Bb4 4. e5 c5 5. a3 Bxc3+ 6. bxc3 Ne7 7. Qg4 Ng6 8. h4
h5 9. Qg5 Qxg5 10. Bxg5 c4 11. Be2 Bd7 12. Nh3 Ba4 13. Rb1 b6 14. Kd2 Na6 15.
Nf4 Nxf4 16. Bxf4 Kd7 17. g4 hxg4 18. Bxg4 Rag8 19. Rbg1 Nb8 20. Bd1 Nc6 21. Bg5
Ne7 22. Bxe7 Kxe7 23. Rg3 f6 24. f4 Be8 25. h5 Rh7 26. h6 fxe5 27. fxe5 g5 28.
Rhg1 Rxh6 29. Rxg5 Rf8 30. Rg7+ Bf7 31. Rf1 a6 32. a4 Rh2+ 33. Kc1 Ke8 34. Kb2
Bh5 35. Bxh5+ Rxh5 36. Rxf8+ Kxf8 37. Rb7 b5 38. a5 Ke8 39. Ra7 Kd8 40. Rxa6 Kd7
41. Rb6 Rh8 42. Rxb5 Ra8 43. Ka3 Kc6 44. Rb6+ Kd7 45. Kb4 Ra7 46. Kb5 Ra8 47.
Rb7+ Ke8 48. a6 Kd8 49. a7 {Black resigns} 1-0

[Event "Team 45 45 League T35"]
[Site "Internet Chess Club"]
[Date "2007.11.25"]
[Round "6"]
[White "Lyko"]
[Black "mickeys"]
[Result "0-1"]
[WhiteElo "1578"]
[BlackElo "1675"]
[Opening "King's Indian defense, 3.Nc3"]
[ECO "E61"]
[Time "10:02:19"]
[TimeControl "2700+45"]

1. d4 Nf6 2. c4 g6 3. Nc3 Bg7 4. e3 O-O 5. Bd3 d5 6. f4 Nc6 7. cxd5 Nxd5 8. Nf3
Ncb4 9. Bb1 c5 10. a3 cxd4 11. exd4 Nc6 12. Ba2 Be6 13. O-O Rc8 14. Ne5 Nxe5 15.
fxe5 Nxc3 16. bxc3 Bxa2 17. Rxa2 Rxc3 18. Raf2 Rc4 19. Bb2 e6 20. Qb3 Rc7 21.
Rd1 Qd5 22. Qxd5 exd5 23. a4 Bh6 24. Rf3 Rfc8 25. Rdf1 Rd7 26. Ba3 Rc4 27. Bd6
Rxa4 28. Rc3 Rc4 29. Rff3 b5 30. Rxc4 dxc4 31. Rf1 f5 32. Rd1 c3 33. Bb4 c2 34.
Re1 c1=Q 35. Rxc1 Bxc1 36. e6 Rxd4 37. e7 Re4 {White resigns} 0-1

[Event "Team 45 45 League T35"]
[Site "Internet Chess Club"]
[Date "2007.11.26"]
[Round "6"]
[White "IronWill"]
[Black "Mitch99"]
[Result "1-0"]
[WhiteElo "1526"]
[BlackElo "1423"]
[Opening "French: Alapin variation"]
[ECO "C01"]
[Time "14:02:52"]
[TimeControl "2700+45"]

1. e4 e6 2. d4 d5 3. Be3 dxe4 4. Nd2 Nf6 5. f3 exf3 6. Ngxf3 Nc6 7. c3 Bd6 8.
Bd3 Nd5 9. Qe2 O-O 10. O-O e5 11. Bxh7+ Kxh7 12. Ng5+ Kg8 13. Qh5 Qxg5 14. Bxg5
exd4 15. Ne4 f6 16. Bxf6 Nxf6 17. Rxf6 Rxf6 18. Nxf6+ gxf6 19. Qg6+ Kf8 20.
Qxf6+ Ke8 21. Re1+ Be7 22. cxd4 Kd8 23. Qh8+ Kd7 24. d5 Nb4 25. Qe5 {Black
resigns} 1-0

[Event "Team 45 45 League T35"]
[Site "Internet Chess Club"]
[Date "2007.11.24"]
[Round "6"]
[White "oldsj"]
[Black "Russ"]
[Result "1-0"]
[WhiteElo "1606"]
[BlackElo "1236"]
[Opening "Sicilian: Najdorf, 7...Be7 main line"]
[ECO "B99"]
[Time "09:00:13"]
[TimeControl "2700+45"]

1. e4 c5 2. Nf3 d6 3. d4 cxd4 4. Nxd4 Nf6 5. Nc3 a6 6. Bg5 e6 7. f4 Be7 8. Qf3
Nbd7 9. O-O-O Qc7 10. g4 b5 11. Bxf6 Nxf6 12. g5 Nd7 13. f5 Bxg5+ 14. Kb1 Ne5
15. Qg3 Bf6 16. fxe6 fxe6 17. Bd3 Ke7 18. Rhf1 Ng6 19. Nf5+ Kd7 20. Nxd6 Kc6 21.
e5 Nxe5 22. Be4+ Kb6 23. Qe3+ Ka5 24. Bxa8 Nc4 25. Nxc4+ Qxc4 26. Rf4 Qc6 {Black
resigns} 1-0

[Event "Team 45 45 League T35"]
[Site "Internet Chess Club"]
[Date "2007.11.25"]
[Round "6"]
[White "morgado"]
[Black "fileman"]
[Result "1-0"]
[WhiteElo "2042"]
[BlackElo "1894"]
[Opening "Queen's pawn: Lundin (Kevitz-Mikenas) defense"]
[ECO "A40"]
[Time "14:06:04"]
[TimeControl "2700+45"]

1. d4 Nc6 2. f4 d5 3. e3 Nf6 4. Nf3 Bg4 5. c3 e6 6. Bd3 Be7 7. Nbd2 a6 8. O-O
O-O 9. Qc2 Bh5 10. Ne5 Bg6 11. Nxg6 fxg6 12. Nf3 Qd7 13. Bd2 Rae8 14. Ne5 Nxe5
15. fxe5 Ng4 16. e4 dxe4 17. Bxe4 c5 18. Bf3 Nh6 19. Qe4 cxd4 20. Qxb7 Qxb7 21.
Bxb7 Rb8 22. Rxf8+ Bxf8 23. Bxa6 Nf5 24. Bc4 Kf7 25. g4 Nh4 26. Rf1+ Ke7 27.
Bg5+ {Black resigns} 1-0

[Event "Team 45 45 League T35"]
[Site "Internet Chess Club"]
[Date "2007.11.24"]
[Round "6"]
[White "LoseOften"]
[Black "tourettes"]
[Result "1-0"]
[WhiteElo "1858"]
[BlackElo "1688"]
[Opening "French: Winawer, Alekhine (Maróczy) gambit"]
[ECO "C15"]
[Time "14:34:08"]
[TimeControl "2700+45"]

1. e4 e6 2. d4 d5 3. Nc3 Bb4 4. Ne2 Nc6 5. a3 Be7 6. Qd3 dxe4 7. Nxe4 Nf6 8. Bf4
b6 9. O-O-O O-O 10. g4 Nd5 11. Bd2 e5 12. h4 Nxd4 13. Nxd4 exd4 14. Ng5 Nf6 15.
Bg2 Rb8 16. Bf4 Bxg4 17. Be5 Bxd1 18. Bxf6 Bxc2 19. Kxc2 g6 20. Bxd4 c5 21. Bc3
Qxd3+ 22. Kxd3 Rbd8+ 23. Kc4 Rd6 24. Kb5 Bxg5 25. hxg5 Re8 26. Bf3 Rde6 27. Rd1
R6e7 28. Bf6 Rc7 29. Bc6 Rec8 30. Bf3 c4 31. Be4 Rc5+ 32. Ka6 Rb8 33. Kxa7 Re8
34. Kxb6 Rcc8 35. Bb7 Rb8 36. Kc7 h6 37. gxh6 Kh7 38. Rd7 Kxh6 39. Rxf7 Rg8 40.
f4 Rbe8 41. Bg5+ Kh5 42. Bf3# {Black checkmated} 1-0

[Event "Team 45 45 League T35"]
[Site "Internet Chess Club"]
[Date "2007.12.01"]
[Round "6"]
[White "Obi-Wan"]
[Black "hansolo1000"]
[Result "1-0"]
[WhiteElo "1939"]
[BlackElo "1795"]
[Opening "Réti: old Indian attack"]
[ECO "A00"]
[Time "02:06:15"]
[TimeControl "2700+45"]

1. d3 d5 2. Nf3 Nf6 3. Nbd2 Bf5 4. e4 dxe4 5. dxe4 Nxe4 6. Bb5+ c6 7. Bd3 Nxd2
8. Bxf5 Nxf3+ 9. Qxf3 e6 10. O-O Qf6 11. Be4 Qxf3 12. Bxf3 Be7 13. Be3 Nd7 14.
Rfd1 Nb6 15. a4 Nd5 16. Bd4 O-O 17. a5 Bf6 18. c4 Bxd4 19. Rxd4 Nf6 20. a6 Rab8
21. axb7 Rxb7 22. Bxc6 Rxb2 23. f4 Rc8 24. Rxa7 g6 25. Ra8 Rxa8 26. Bxa8 Ng4 27.
Bf3 Rb1+ 28. Rd1 Rxd1+ 29. Bxd1 Ne3 30. Bb3 Kf8 31. h3 Nf5 32. Kf2 Ke7 33. c5
Nd4 34. Ba4 h5 35. Ke3 Nf5+ 36. Kd3 h4 37. Ke4 Ng3+ 38. Kf3 Nf5 39. Kf2 Kd8 40.
Kf3 Ke7 41. Ke4 Ng3+ 42. Kd4 Ne2+ 43. Ke3 Ng3 44. Bb5 Nf5+ 45. Kd3 Ng3 46. Bc6
Nh5 47. Ke4 Ng3+ 48. Kd4 Ne2+ 49. Ke3 Ng3 50. Ba8 Kd7 51. Kd3 Nh5 52. Ke4 f6 53.
Ke3 Ng3 54. Bb7 Nf5+ 55. Ke4 Ng3+ 56. Kd3 Nh5 57. Ke3 Ng3 58. Bf3 Nf5+ 59. Kd3
Ng3 60. Kc4 Nf5 61. Be4 Ne7 62. Bb7 Nc6 63. Kb5 Na7+ 64. Kb6 Nc8+ 65. Bxc8+ Kxc8
66. Kc6 {Black resigns} 1-0

[Event "Team 45 45 League T35"]
[Site "Internet Chess Club"]
[Date "2007.11.25"]
[Round "6"]
[White "burnsja2003"]
[Black "allanchs"]
[Result "1/2-1/2"]
[WhiteElo "1698"]
[BlackElo "1552"]
[Opening "QGD: Orthodox defense, Botvinnik variation"]
[ECO "D60"]
[Time "10:14:06"]
[TimeControl "2700+45"]

1. d4 d5 2. c4 e6 3. Nc3 Nf6 4. Bg5 Be7 5. Nf3 O-O 6. e3 Nbd7 7. Bd3 c6 8. O-O
dxc4 9. Bxc4 Nd5 10. Bxe7 Qxe7 11. e4 Nxc3 12. bxc3 c5 13. e5 b6 14. Bb3 Rd8 15.
Qe2 Bb7 16. Bc2 Rac8 17. Rac1 Nf8 18. Qe3 Ng6 19. Ng5 h6 20. Nf3 Nh4 21. Be4
Nxf3+ 22. Qxf3 Bxe4 23. Qxe4 cxd4 24. cxd4 Qa3 25. Rxc8 Rxc8 26. Qb1 Qa4 27. Rd1
Qc2 28. Qa1 Qe2 29. Re1 Qd2 30. Rd1 Qe2 {Game drawn by mutual agreement} 1/2-1/2

[Event "Team 45 45 League T35"]
[Site "Internet Chess Club"]
[Date "2007.11.25"]
[Round "6"]
[White "Nosferatu1"]
[Black "Kittle"]
[Result "1-0"]
[WhiteElo "1811"]
[BlackElo "1680"]
[Opening "QGD Slav: 3.Nf3"]
[ECO "D11"]
[Time "14:09:59"]
[TimeControl "2700+45"]

1. d4 d5 2. c4 c6 3. Nf3 e6 4. e3 Nf6 5. Bd3 dxc4 6. Bxc4 Nbd7 7. O-O Be7 8. Nc3
Nd5 9. e4 Nxc3 10. bxc3 Nf6 11. Bd3 b6 12. h3 Bb7 13. Qc2 h6 14. Be3 Qc7 15. c4
Nh5 16. Qd2 Nf6 17. Bf4 Qd8 18. Rfd1 Nh7 19. Qc2 Ng5 20. Nxg5 Bxg5 21. Be3 O-O
22. Bxg5 Qxg5 23. Qd2 Qxd2 24. Rxd2 Rad8 25. Be2 Rd7 26. Rad1 Rfd8 27. f3 f6 28.
Kf2 Kf7 29. Ke3 g5 30. g3 Kg6 31. Rd3 Ba6 32. Ra3 Bc8 33. Rd2 a6 34. Rb3 b5 35.
cxb5 cxb5 36. Rc3 Bb7 37. Rc5 f5 38. Re5 Kf6 39. Rc5 f4+ 40. gxf4 gxf4+ 41. Kxf4
Rxd4 42. Rxd4 Rxd4 43. Rc7 Ba8 44. Ra7 Bc6 45. Rxa6 Rd2 46. Ke3 Rc2 47. Rb6 b4
48. Bd3 Rc3 49. Rxb4 Ra3 50. Rb6 Be8 51. Ra6 Rc3 52. a4 Ra3 53. f4 Rxa4 54. e5+
Ke7 55. Rxa4 Bxa4 56. Kd4 Bd1 57. h4 Bg4 58. Bg6 Bf3 59. Ke3 Bd1 60. Bd3 Bg4 61.
Be2 Bf5 62. Kf2 Bh3 63. Kg3 Bf5 64. Bg4 Bg6 65. Kf3 Bf7 66. Ke4 Bg6+ 67. f5
exf5+ 68. Bxf5 Bh5 69. Kf4 Bd1 70. Bc8 Be2 71. Bg4 Bd3 72. Bf3 Bc2 73. Be4 Bd1
74. Kf5 Bh5 75. Bd5 Be8 76. Bg8 Bh5 77. Bh7 Bf7 78. Bg6 Be6+ 79. Kf4 Bd7 80. Bf5
Be8 81. Kg4 Bf7 82. h5 Be8 83. Bg6 Bd7+ 84. Kf4 Be6 85. Ke4 Bb3 86. Kd4 Bc2 87.
Bxc2 {Black resigns} 1-0

[Event "Team 45 45 League T35"]
[Site "Internet Chess Club"]
[Date "2007.11.24"]
[Round "6"]
[White "knightc9mate"]
[Black "AVEMARIA"]
[Result "1-0"]
[WhiteElo "1893"]
[BlackElo "1784"]
[Opening "Sicilian: Taimanov (Bastrikov) variation"]
[ECO "B47"]
[Time "12:06:39"]
[TimeControl "2700+45"]

1. e4 c5 2. Nf3 e6 3. d4 cxd4 4. Nxd4 Nc6 5. Nc3 Qc7 6. g3 a6 7. Bg2 Nf6 8. O-O
Be7 9. a4 d6 10. Nb3 O-O 11. f4 Re8 12. g4 Rb8 13. g5 Nd7 14. Be3 b5 15. axb5
axb5 16. Qg4 b4 17. Ne2 Nc5 18. Nbd4 Nxd4 19. Nxd4 e5 20. Nf5 Bxf5 21. exf5 Bf8
22. Bd5 Qd7 23. g6 hxg6 24. Qxg6 Ne4 25. Qg2 exf4 26. Rxf4 Nc5 27. Bd4 Re5 28.
f6 Ne6 29. Bxe5 dxe5 30. Rg4 g6 31. Rxg6+ fxg6 32. Qxg6+ Kh8 33. Qh5+ Kg8 34.
Qxe5 Bc5+ 35. Kh1 Re8 36. Bxe6+ Qxe6 37. Qg5+ {Black resigns} 1-0

[Event "Team 45 45 League T35"]
[Site "Internet Chess Club"]
[Date "2007.11.21"]
[Round "6"]
[White "cityprosecutor"]
[Black "latayvia"]
[Result "0-1"]
[WhiteElo "1726"]
[BlackElo "1782"]
[Opening "Scotch: Göring gambit"]
[ECO "C44"]
[Time "20:58:17"]
[TimeControl "2700+45"]

1. e4 e5 2. Nf3 Nc6 3. d4 exd4 4. c3 Nf6 5. e5 Ne4 6. cxd4 d5 7. Nc3 Bb4 8. Qc2
Bg4 9. Be2 Bxf3 10. Bxf3 Nxd4 11. Qa4+ c6 12. O-O Nxf3+ 13. gxf3 Bxc3 14. fxe4
Bxe5 15. exd5 Qxd5 16. Re1 O-O 17. Qg4 f5 18. Qe2 Rae8 19. Be3 Rf6 20. Bf4 Rg6+
21. Bg3 f4 22. Rad1 Qe6 23. Qh5 fxg3 24. hxg3 Rh6 25. Qg5 Qh3 {White resigns}
0-1

[Event "Team 45 45 League T35"]
[Site "Internet Chess Club"]
[Date "2007.11.24"]
[Round "6"]
[White "HKNIGHT"]
[Black "Duguesclin"]
[Result "1-0"]
[WhiteElo "1769"]
[BlackElo "1623"]
[Opening "Queen's pawn"]
[ECO "A40"]
[Time "15:57:13"]
[TimeControl "2700+45"]

1. d4 e6 2. e3 Nf6 3. Bd3 c5 4. c3 d5 5. f4 cxd4 6. exd4 Bd6 7. Nf3 h6 8. O-O
O-O 9. Ne5 Ne4 10. Nd2 f5 11. Nxe4 dxe4 12. Be2 Bxe5 13. fxe5 Nd7 14. Qe1 Qe8
15. Qg3 Kh7 16. h4 Qg6 17. Qxg6+ Kxg6 18. g4 Nb6 19. h5+ Kh7 20. gxf5 exf5 21.
c4 Bd7 22. d5 Rae8 23. e6 Bc8 24. b3 Na8 25. Bf4 g5 26. hxg6+ Kxg6 27. Kf2 Rg8
28. Rh1 Rh8 29. Bh5+ Kf6 30. Bxe8 Rxe8 31. Rxh6+ Ke7 32. d6+ Kf8 33. Rh8+ {Black
resigns} 1-0

[Event "Team 45 45 League T35"]
[Site "Internet Chess Club"]
[Date "2007.11.25"]
[Round "6"]
[White "shakkimestari"]
[Black "qs16"]
[Result "1/2-1/2"]
[WhiteElo "1981"]
[BlackElo "1880"]
[Opening "Sicilian: Grand Prix attack"]
[ECO "B23"]
[Time "11:01:25"]
[TimeControl "2700+45"]

1. e4 c5 2. Nc3 Nc6 3. f4 e6 4. Nf3 d5 5. Bb5 Ne7 6. exd5 Nxd5 7. Nxd5 Qxd5 8.
d3 a6 9. Bc4 Qd8 10. O-O b5 11. Bb3 Nd4 12. Nxd4 Qxd4+ 13. Kh1 Bb7 14. c3 Qf6
15. Qe2 Bd6 {Game drawn by mutual agreement} 1/2-1/2

[Event "Team 45 45 League T35"]
[Site "Internet Chess Club"]
[Date "2007.11.25"]
[Round "6"]
[White "QueensCounselor"]
[Black "alastorx"]
[Result "1/2-1/2"]
[WhiteElo "1794"]
[BlackElo "1820"]
[Opening "QGD: Tarrasch, Prague variation, 9.Bg5"]
[ECO "D34"]
[Time "12:01:57"]
[TimeControl "2700+45"]

1. d4 e6 2. c4 d5 3. Nc3 c5 4. cxd5 exd5 5. Nf3 Nc6 6. g3 Nf6 7. Bg2 Be7 8. O-O
O-O 9. Bg5 cxd4 10. Nxd4 h6 11. Be3 Re8 12. Rc1 Bf8 13. Qa4 Na5 14. Qc2 Bg4 15.
h3 Bd7 16. Rfd1 Rc8 17. Qb1 Nc4 18. Bd2 Qb6 19. Nb3 d4 20. Nd5 Nxd5 21. Bxd5 Qb5
22. Bxc4 Rxc4 23. Rxc4 Qxc4 24. Qd3 Qxd3 25. exd3 Bxh3 26. Nxd4 Rd8 27. Bc3 Bc5
28. Nb3 Bb6 29. d4 Bg4 30. Rd2 Bf3 31. Nc5 Rd5 32. Rd3 Bxc5 33. Rxf3 Bxd4 34.
Bxd4 Rxd4 35. Rb3 b6 36. f4 Kf8 37. Kf2 f5 38. Ke3 Re4+ 39. Kf3 Ke7 40. Rb5 Ke6
41. b4 Rd4 42. Re5+ Kf6 43. Rb5 Rd2 44. a4 Rd3+ 45. Kf2 Rb3 46. a5 bxa5 47. Rxa5
Rxb4 48. Rxa7 Rb6 49. Ra3 g5 50. fxg5+ hxg5 51. Kf3 Kg6 52. Rc3 Rb4 53. Ra3 f4
54. gxf4 Rxf4+ 55. Kg2 Kf5 56. Ra5+ Kg4 57. Ra3 Rb4 58. Rg3+ Kf5 59. Rf3+ Kg6
60. Ra3 Kh5 61. Rc3 g4 62. Kg3 Kg6 {Game drawn by mutual agreement} 1/2-1/2

[Event "Team 45 45 League T35"]
[Site "Internet Chess Club"]
[Date "2007.11.21"]
[Round "6"]
[White "NFK"]
[Black "chess9397"]
[Result "0-1"]
[WhiteElo "1636"]
[BlackElo "1762"]
[Opening "Scotch gambit"]
[ECO "C44"]
[Time "11:30:17"]
[TimeControl "2700+45"]

1. e4 e5 2. Nf3 Nc6 3. d4 exd4 4. Bc4 Bc5 5. c3 d6 6. b4 Bb6 7. Qb3 Qe7 8. O-O
Nf6 9. Bg5 O-O 10. Nbd2 h6 11. Bh4 dxc3 12. Qxc3 Ne5 13. Bb3 Re8 14. Nc4 Nxe4
15. Ncxe5 Nxc3 16. Bxe7 Rxe7 17. Ng6 Re8 18. Nf4 Bg4 19. Nd2 Ne2+ 20. Nxe2 Rxe2
21. Nc4 Bd4 22. Rac1 Rae8 23. Na5 b6 24. Nc6 Bb2 25. Rcd1 R2e4 26. Rd2 Bc3 27.
Rd3 Be2 {White resigns} 0-1

[Event "Team 45 45 League T35"]
[Site "Internet Chess Club"]
[Date "2007.11.24"]
[Round "6"]
[White "reijo"]
[Black "BrerRabbit"]
[Result "1-0"]
[WhiteElo "1626"]
[BlackElo "1588"]
[Opening "QGD: classical variation (5.Bf4)"]
[ECO "D37"]
[Time "11:03:37"]
[TimeControl "2700+45"]

1. d4 d5 2. c4 e6 3. Nc3 Nf6 4. Nf3 Be7 5. Bf4 O-O 6. e3 c5 7. dxc5 Bxc5 8. a3
Nc6 9. Qc2 Qa5 10. O-O-O Be7 11. g4 Rd8 12. Nd2 dxc4 13. Nxc4 Rxd1+ 14. Qxd1 Qd8
15. Qxd8+ Nxd8 16. Be2 Bd7 17. Ne5 Be8 18. Rd1 Rc8 19. Kb1 Nc6 20. Nc4 Rd8 21.
Rxd8 Nxd8 22. g5 Nd5 23. Nxd5 exd5 24. Nd6 Bd7 25. h4 a6 26. Bf3 Bc6 27. Nf5 Bf8
28. Kc2 Ne6 29. Be5 g6 30. Nd4 Bg7 31. Bxg7 Kxg7 32. Kc3 Nc7 33. Kb4 f6 34. Nxc6
bxc6 35. Kc5 Ne6+ 36. Kxc6 fxg5 37. Bxd5 Kf6 38. Bxe6 Kxe6 39. hxg5 Kf5 40. f4
Ke4 41. Kb6 Kxe3 42. Kxa6 Kxf4 43. b4 Kxg5 44. b5 h5 45. b6 h4 46. b7 h3 47.
b8=Q {Black resigns} 1-0